 Dungeon Crawl Stone Soup version 0.30-a0-509-gd016549fea (webtiles) character file.

Game seed: 12733811228226288892

10311 Raultor the Transmogrifier (level 11, -3/90 HPs)
             Began as an Octopode Transmuter on Dec 22, 2022.
             Was a Follower of the Shining One.
             Shot with an arrow by a centaur (7 damage)
             ... on level 11 of the Dungeon.
             The game lasted 00:39:27 (11859 turns).

Raultor the Transmogrifier (Octopode Transmuter)   Turns: 11859, Time: 00:39:28

Health: -3/90      AC: 14    Str:  9 (10) XL:     11   Next: 60%
Magic:  12/16      EV: 10    Int: 25      God:    the Shining One [*.....]
Gold:   733        SH:  0    Dex: 18 (19) Spells: 5/17 levels left

rFire   x . .      SeeInvis .      - Unarmed
rCold   + + +      Faith    .    (shield currently unavailable)
rNeg    . . .      Spirit   .    (helmet currently unavailable)
rPois   +          Reflect  .    (no amulet)
rElec   .          Harm     .    I - +6 ring of intelligence
rCorr   .          Rampage  .    D - +6 ring of dexterity
Will    .....                    T - +4 ring of protection
Stlth   +.........               (no ring)
HPRegen 0.35/turn                (no ring)
MPRegen 0.15/turn                (no ring)
                                 (no ring)
                                 (no ring)

@: ice-form, wereblooded, glowing
A: freezing attack, boosted hp, almost no armour, amphibious, 8 rings, large,
(camouflage 1), (gelatinous body 1), (nimble swimmer 1), (tentacles),
deterioration 1, (electricity resistance)
a: End Transformation, Renounce Religion, Divine Shield


You were on level 11 of the Dungeon.
You worshipped the Shining One.
The Shining One was aware of your devotion.
You were a creature of crystalline ice.
You visited 2 branches of the dungeon, and saw 12 of its levels.
You also visited: Bailey.

You collected 733 gold pieces.


Innate Abilities, Weirdness & Mutations

You are a creature of crystalline ice.
You have a powerful freezing melee attack.
Your maximum health is increased.
Your armour is entirely melded.
You are incapable of wielding weapons or throwing items.
You cannot wear most types of armour.
You are amphibious.
You can wear up to eight rings at the same time.
((Your skin changes colour to match your surroundings (Stealth+).))
((Your rubbery body absorbs attacks. (AC +1, EV +1)))
((You are camouflaged when in or above water. (Stealth+)))
((You have tentacles for arms and can constrict up to eight enemies at once.))
Your body sometimes deteriorates upon taking damage.
((You are resistant to electric shocks. (rElec)))


   Skills:
 * Level 7.5 Fighting
 - Level 2.0 Dodging
 * Level 8.1 Unarmed Combat
 + Level 3.7 Spellcasting
 - Level 4.4 Translocations
 + Level 9.4 Transmutations
 - Level 6.5 Ice Magic
 + Level 5.1 Air Magic
 + Level 4.8 Invocations


You had 5 spell levels left.
You knew the following spells:

 Your Spells              Type           Power      Damage    Failure   Level
a - Passwall              Tmut/Erth      23%        N/A       1%          2
b - Beastly Appendage     Tmut           100%       N/A       1%          1
c - Ice Form              Ice/Tmut       44%        N/A       3%          4
i - Swiftness             Air            30%        N/A       3%          3
w - Wereblood             Tmut           51%        N/A       1%          2

Your spell library contained the following spells:

 Spells                   Type           Power      Damage    Failure   Level
 Shock                    Conj/Air       68%        1d7       3%          1
 Ensorcelled Hibernation  Hex/Ice        40%        N/A       3%          2
 Vhi's Electric Charge    Tloc/Air       56%        N/A       3%          3
 Gell's Gravitas          Tloc           27%        N/A       4%          3
 Spider Form              Tmut/Pois      28%        N/A       4%          3
 Teleport Other           Tloc           27%        N/A       4%          3
 Hailstorm                Conj/Ice       20%        3d6       8%          3
 Ignite Poison            Fire/Tmut/Pois 20%        N/A       8%          3
 Sandblast                Erth           8%         2d5       10%         1
 Airstrike                Air            15%        2d(3-19)  11%         4
 Sublimation of Blood     Necr           4%         N/A       14%         2
 Stone Arrow              Conj/Erth      8%         3d7       28%         3
 Arcjolt                  Conj/Air       8%         1d18      65%         5
 Anguish                  Hex/Necr       2%         N/A       67%         4
 Sticky Flame             Conj/Fire      4%         2d3       67%         4
 Dispersal                Tloc           13%        N/A       92%         6
 Simulacrum               Ice/Necr       10%        N/A       98%         6
 Summon Hydra             Summ           2%         N/A       100%        7
 Ignition                 Fire           2%         3d3       100%        8
 Maxwell's Capacitive Co  Air            15%        ∞         100%        8
 Chain Lightning          Conj/Air       8%         3d11      100%        9
 Fire Storm               Conj/Fire      2%         8d1       100%        9
 Shatter                  Erth           2%         3d6*      100%        9

Inventory:

Magical Staves
 c - a staff of poison {!a}
 i - a staff of air {!a}
Jewellery
 C - a ring of ice
 D - a +6 ring of dexterity (right front paw)
 I - a +6 ring of intelligence (left front paw)
 T - a +4 ring of protection (on tentacle)
Wands
 o - a wand of flame (20)
 r - a wand of digging (12)
 w - a wand of quicksilver (1)
 x - a wand of polymorph (4)
 E - a wand of iceblast (3)
Scrolls
 a - 2 scrolls of fear
 b - 4 scrolls of amnesia {unknown}
 e - 3 scrolls of fog {unknown}
 f - a scroll of silence {!r}
 g - 9 scrolls of teleportation {unknown}
 h - 4 scrolls of blinking {unknown}
 j - 4 scrolls of enchant weapon {unknown}
 l - 5 scrolls of magic mapping {unknown}
 s - a scroll of poison
 u - a scroll of immolation
 v - 4 scrolls of butterflies
 y - a scroll of enchant armour
 B - 2 scrolls of brand weapon {unknown}
 F - 4 scrolls of identify {@r1}
 G - 2 scrolls of noise {unknown}
Potions
 d - 4 potions of attraction
 k - 2 potions of might {unknown}
 m - 3 potions of flight {unknown}
 n - 11 potions of curing {@q1}
 p - 2 potions of haste {unknown}
 q - 2 potions of lignification
 t - 2 potions of brilliance {unknown}
 z - a potion of degeneration {unknown}
 A - 2 potions of cancellation {unknown}

Dungeon Overview and Level Annotations

Branches:
Dungeon (11/15)            Temple (1/1) D:7            Lair (0/5) D:10
 Bailey (visited)
    Orc: D:9-12

Altars:
Elyvilon
Gozag
Hepliaklqana
Kikubaaqudgha
Makhleb
Nemelex Xobeh
Okawaru
Qazlal
Ru
Sif Muna
Trog
Uskayaw
Vehumet
Zin
The Shining One

Shops:
D:3 (   D:4 *

Annotations:
D:5 1 runed translucent door, Crazy Yiuf
D:6 Maggie

#+##### ......$###
##+####### .....c.))##
#......... .......#Y.##
#.........
c......##..###.........
.c..c.. ##...'[........
......= #####.......<.
##+#### #.........
#......... ##'#######
#..# ##.#


You could see a centaur.


Message History

The centaur hits you.
* * * LOW HITPOINT WARNING * * *
The centaur kicks you but does no damage.
You punch the centaur! You freeze the centaur.
You feel a bit better.
You kill the centaur!
You howl as the wereblood boils in your veins!
The gargoyle hurls a stone arrow at you.
The stone arrow hits you!!
* * * LOW HITPOINT WARNING * * *
Your body deteriorates!
You feel weakened.
You hit the gargoyle. You freeze the gargoyle.
The gargoyle is almost destroyed.
The gargoyle hits you with a +0 mace.
* * * LOW HITPOINT WARNING * * *
You hit the gargoyle but do no damage.
The gargoyle is almost destroyed.
You hit the gargoyle but do no damage.
The gargoyle is almost destroyed.
The gargoyle hits you with a +0 mace.
* * * LOW HITPOINT WARNING * * *
You hit the gargoyle but do no damage.
The gargoyle is almost destroyed.
The gargoyle hurls a stone arrow at you.
The stone arrow hits you!
* * * LOW HITPOINT WARNING * * *
You punch the gargoyle! You freeze the gargoyle.
You feel a bit better.
You destroy the gargoyle!
The centaur wields a +0 shortbow.
The centaur shoots an arrow.
The arrow hits you!
You die...

Skill      XL: |  1  2  3  4  5  6  7  8  9 10 11 |
---------------+----------------------------------+-----
Ice Magic      | 1 2 3 4 5 6 |  6.5
Transmutations | 3 4 6 8 9 |  9.4
Fighting       | 2 3 4 5 6 7 |  7.5
Unarmed Combat | 4 5 6 7 8 |  8.1
Translocations | 2 4 |  4.4
Air Magic      | 3 4 5 |  5.1
Invocations    | 2 4 |  4.8
Spellcasting   | 3 |  3.7
Dodging        | |  2.0

Action                   |  1- 3 |  4- 6 |  7- 9 | 10-12 || total
-------------------------+-------+-------+-------+-------++-------
Melee: Unarmed           |   106 |   121 |   264 |   216 ||   707
       Kick              |    22 |    13 |       |       ||    35
       Constrict         |    25 |    14 |     3 |       ||    42
       Tentacles         |    23 |    13 |     3 |       ||    39
       Punch             |     1 |     2 |       |       ||     3
 Cast: Beastly Appendage |    13 |    17 |     1 |       ||    31
       Wereblood         |     1 |     1 |     4 |     5 ||    11
       Ice Form          |       |     9 |    25 |    28 ||    62
       Passwall          |       |       |       |     1 ||     1
Evoke: Wand              |       |       |     4 |    10 ||    14
  Use: Potion            |     2 |     3 |     3 |     1 ||     9
       Scroll            |       |       |       |     6 ||     6
 Stab: Sleeping          |     8 |       |       |       ||     8
       Distracted        |       |     1 |       |       ||     1
Armor: Skin              |     4 |    26 |   102 |   103 ||   235
Dodge: Dodged            |    61 |    55 |   114 |   126 ||   356

Levels and vault maps discovered:
D:1:      minmay_arrival_stair_chambers, layout_loops_ring, serial_bayou_pond_b
D:2:      layout_loops_ring
D:3:      wad_river_or_something, layout_loops_ring,
          nicolae_kikubaaqudgha_miasma_corner, serial_shops,
          nicolae_shop_advertising_works [nicolae_subvault_shop_adworks]
D:4:      layout_basic, minmay_shop_mayhem, uniq_natasha
D:5:      layout_basic, uniq_pikel, uniq_crazy_yiuf_cottage
D:6:      wad_woods_stonehenge, layout_basic, chequers_serial_rivers_room_a,
          uniq_edmund, uniq_maggie, uniq_eustachio
D:7:      layout_loops_corners, mainiacjoe_overflow_surrounded_room,
          minmay_temple_entry_trees
D:8:      layout_basic, enter_bailey_5
D:9:      layout_roguey, kennysheep_mini, minivault_5, uniq_harold
D:10:     layout_basic, grunt_lair_entry_orc_guard_hut
D:11:     layout_roguey, ebering_ghost_rock_garden, amethyst_killhole,
          grunt_ministairs_4, minmay_misc_feat_plants
Temple:   hellmonk_temple_of_storms

Notes
Turn   | Place    | Note
-------+----------+-------------------------------------------
     0 | D:1      | Raultor the Octopode Transmuter began the quest for the
                  | Orb.
     0 | D:1      | Reached XP level 1. HP: 13/13 MP: 3/3
   287 | D:1      | Reached skill level 1 in Ice Magic
   287 | D:1      | Reached XP level 2. HP: 10/18 MP: 3/5
   479 | D:1      | Learned a level 2 spell: Wereblood
   591 | D:1      | Reached XP level 3. HP: 23/23 MP: 6/6
   963 | D:2      | Reached skill level 2 in Ice Magic
  1027 | D:2      | Reached skill level 3 in Transmutations
  1680 | D:3      | Reached XP level 4. HP: 4/28 MP: 7/7
  1680 | D:3      | Gained mutation: Your body sometimes deteriorates upon
                  | taking damage. [potion of mutation]
  1680 | D:3      | Gained mutation: You are resistant to electric shocks.
                  | (rElec) [potion of mutation]
  1680 | D:3      | HP: 2/28 [poisoned by an adder]
  1761 | D:3      | Found an ancient bone altar of Kikubaaqudgha.
  1808 | D:3      | Learned a level 4 spell: Ice Form
  2158 | D:3      | Reached XP level 5. HP: 31/33 MP: 6/8
  2210 | D:3      | Reached skill level 3 in Ice Magic
  2329 | D:3      | Found Foplihull's Antique Weapon Emporium.
  2370 | D:3      | Noticed a centaur
  2379 | D:3      | Killed a centaur
  2380 | D:3      | Reached skill level 4 in Transmutations
  2380 | D:3      | Reached XP level 6. HP: 39/39 MP: 9/9
  2839 | D:4      | Found Hideejom's Mayhem Merchandise.
  2907 | D:4      | Noticed Natasha
  2914 | D:4      | Killed Natasha
  2915 | D:4      | Reached skill level 2 in Fighting
  3387 | D:4      | Noticed Natasha
  3394 | D:4      | Killed Natasha
  3395 | D:4      | Reached skill level 4 in Ice Magic
  3482 | D:4      | Noticed Natasha
  3493 | D:4      | Killed Natasha
  3520 | D:4      | Reached XP level 7. HP: 45/45 MP: 10/10
  3676 | D:5      | Entered Level 5 of the Dungeon
  3906 | D:5      | Reached skill level 5 in Transmutations
  4092 | D:5      | Noticed Pikel
  4093 | D:5      | Reached skill level 4 in Unarmed Combat
  4110 | D:5      | Killed Pikel
  4111 | D:5      | Reached skill level 3 in Fighting
  4111 | D:5      | Reached skill level 6 in Transmutations
  4111 | D:5      | Reached skill level 5 in Ice Magic
  4111 | D:5      | Reached XP level 8. HP: 34/52 MP: 7/11
  4857 | D:5      | Found a runed translucent door.
  4860 | D:5      | Noticed Crazy Yiuf
  4885 | D:6      | Found a stormy altar of Qazlal.
  4894 | D:6      | Reached skill level 6 in Ice Magic
  4961 | D:6      | Reached skill level 4 in Fighting
  5046 | D:5      | Reached skill level 5 in Unarmed Combat
  5087 | D:6      | Noticed Maggie
  5242 | D:6      | Noticed Eustachio
  5262 | D:6      | Reached XP level 9. HP: 58/58 MP: 9/12
  5275 | D:6      | Reached skill level 7 in Transmutations
  5311 | D:6      | Killed Eustachio
  5312 | D:6      | Reached skill level 1 in Translocations
  5312 | D:6      | Reached skill level 1 in Air Magic
  5539 | D:6      | Noticed Edmund
  6615 | D:7      | Found a staircase to the Ecumenical Temple.
  6695 | Temple   | Entered the Ecumenical Temple
  6710 | Temple   | Became a worshipper of the Shining One
  6931 | D:7      | Reached skill level 2 in Translocations
  6931 | D:7      | Reached skill level 2 in Air Magic
  7258 | D:7      | Reached skill level 1 in Invocations
  7391 | D:7      | Learned a level 2 spell: Passwall
  7607 | D:7      | Found a burning altar of Makhleb.
  7861 | D:6      | Killed Edmund
  7992 | D:8      | Noticed a two-headed ogre
  8018 | D:8      | Killed a two-headed ogre
  8019 | D:8      | Reached skill level 5 in Fighting
  8019 | D:8      | Reached skill level 6 in Unarmed Combat
  8019 | D:8      | Reached skill level 8 in Transmutations
  8019 | D:8      | Reached skill level 3 in Air Magic
  8019 | D:8      | Reached skill level 2 in Invocations
  8019 | D:8      | Reached XP level 10. HP: 66/66 MP: 13/13
  8072 | D:8      | Found a flagged portal.
  8098 | D:8      | Reached skill level 3 in Translocations
  8124 | Bailey   | Entered a bailey
  8282 | Bailey   | Learned a level 3 spell: Swiftness
  8316 | Bailey   | Reached skill level 3 in Invocations
  8417 | Bailey   | Noticed a two-headed ogre
  8442 | Bailey   | Killed a two-headed ogre
  8628 | D:8      | Reached skill level 6 in Fighting
  8628 | D:8      | Reached skill level 4 in Air Magic
  9300 | D:9      | Identified the +7 war axe of Ragnarok {holy, rCorr}
  9613 | D:9      | Noticed Harold
  9620 | D:9      | Reached * piety under the Shining One
  9624 | D:9      | Killed Harold
  9625 | D:9      | Reached skill level 7 in Unarmed Combat
  9625 | D:9      | Reached skill level 4 in Translocations
  9625 | D:9      | Reached skill level 9 in Transmutations
  9634 | D:9      | Reached skill level 4 in Invocations
  9637 | D:9      | Reached XP level 11. HP: 66/74 MP: 11/15
  9773 | D:9      | Found a glowing silver altar of Zin.
  9877 | D:9      | Identified the +7 flail of the Cursing Eel {drain, rF+}
  9888 | D:9      | Noticed a two-headed ogre
  9896 | D:9      | Killed a two-headed ogre
  9897 | D:9      | Reached skill level 3 in Spellcasting
 10030 | D:10     | Entered Level 10 of the Dungeon
 10083 | D:10     | Reached skill level 7 in Fighting
 11189 | D:10     | Reached skill level 5 in Air Magic
 11435 | D:10     | Found a staircase to the Lair.
 11704 | D:11     | Found a runed translucent gate.
 11705 | D:11     | Found a runed translucent gate.
 11706 | D:11     | Found a runed translucent gate.
 11710 | D:11     | Noticed GrimJard's ghost (journeyman DrCj)
 11720 | D:11     | Killed GrimJard's ghost
 11721 | D:11     | Reached skill level 8 in Unarmed Combat
 11858 | D:11     | HP: 1/90 [gargoyle/stone arrow (9)]
 11859 | D:11     | Shot with an arrow by a centaur

Vanquished Creatures
  Harold (D:9)
  The ghost of GrimJard the Devastator, a journeyman DrCj of Vehumet (D:11)
  3 two-headed ogres
  Pikel (D:5)
  A gargoyle (D:11)
  A komodo dragon (D:10)
  2 trolls (D:10)
  4 spriggans (Bailey)
  Eustachio (D:6)
  3 steam dragons
  2 vampire mosquitoes (D:10)
  Edmund (D:6)
  An acid dragon (D:10)
  4 water moccasins
  An ice beast (D:6)
  4 black bears
  4 orc warriors
  3 ogres
  9 centaurs
  A lemure (D:5)
  A kobold brigand (D:8)
  A phantom (D:6)
  4 scorpions
  2 bullfrogs
  A gnoll sergeant (D:9)
  2 necrophages
  3 wights (D:8)
  7 killer bees
  2 howler monkeys
  2 jellies
  4 electric eels (D:10)
  3 hounds
  4 orc priests
  An iguana (D:6)
  Natasha (thrice) (D:4)
  11 orc wizards
  10 adders
  10 gnolls
  4 river rats (D:6)
  4 ufetubi
  4 worms
  3 dart slugs
  30 orcs
  9 ball pythons
  6 endoplasms
  7 giant cockroaches
  12 goblins
  7 hobgoblins
  2 jackals (D:1)
  11 kobolds
  3 quokkas
  2 frilled lizards
  3 rats
  A bush (D:5)
227 creatures vanquished.

Vanquished Creatures (others)
  A ball python (D:3)
  7 fungi (D:10)
  27 plants
35 creatures vanquished.

Grand Total: 262 creatures vanquished

Table legend: (Time is in decaauts)
 A = Elapsed time spent in this place.
 B = Non-inter-level travel time spent in this place.
 C = Inter-level travel time spent in this place.
 D = Time resting spent in this place.
 E = Time spent auto-exploring this place.
 F = Levels seen in this place.
 G = Mean time per level.
                   A        B        C        D        E       F      G
               +--------+--------+--------+--------+--------+-----+--------+
         Total |  11791 |  11267 |    524 |    645 |   8381 |  13 |  907.0 |
       Dungeon |  11286 |  10776 |    510 |    523 |   8174 |  11 | 1026.0 |
        Temple |     30 |     16 |     14 |      0 |      4 |   1 |   30.0 |
        Bailey |    474 |    474 |      0 |    122 |    203 |   1 |  474.0 |
               +--------+--------+--------+--------+--------+-----+--------+

Top non-repeatable levels by time:
     D:6: 1694 daAuts
    D:10: 1470 daAuts
     D:5: 1324 daAuts
     D:7: 1214 daAuts
     D:3: 1196 daAuts
     D:9: 968 daAuts
     D:4: 837 daAuts
     D:1: 834 daAuts
     D:2: 790 daAuts
     D:8: 765 daAuts
  Bailey: 474 daAuts
    D:11: 189 daAuts
  Temple: 30 daAuts

Table legend:
 A = Non-vault XP
 B = Vault XP
 C = Vault XP percentage of total XP
 D = Non-vault monster count
 E = Vault monster count
 F = Vault count percentage of total count
                 A         B        C        D         E       F
            +---------+---------+-------+---------+---------+-------
      Total |    9144 |    6010 |  39.7 |     185 |      40 |  17.8
            +---------+---------+-------+---------+---------+-------
        D:1 |      38 |       5 |  11.6 |      20 |       2 |   9.1
        D:2 |      36 |       0 |   0.0 |      17 |       0 |   0.0
        D:3 |     221 |      64 |  22.5 |      22 |       9 |  29.0
        D:4 |     240 |      35 |  12.7 |      16 |       1 |   5.9
        D:5 |     648 |     651 |  50.1 |      15 |       1 |   6.2
        D:6 |     877 |     556 |  38.8 |      15 |       8 |  34.8
        D:7 |     634 |       0 |   0.0 |      14 |       0 |   0.0
        D:8 |    1581 |       7 |   0.4 |      18 |       4 |  18.2
        D:9 |    1947 |     886 |  31.3 |      19 |       1 |   5.0
       D:10 |    2046 |     843 |  29.2 |      24 |       5 |  17.2
       D:11 |     876 |     833 |  48.7 |       5 |       1 |  16.7
     Bailey |       0 |    2130 | 100.0 |       0 |       8 | 100.0
            +---------+---------+-------+---------+---------+-------
